 Dungeon Crawl Stone Soup version 0.28-a0-21-gf74fda84f9 (webtiles) character file.

Game seed: 385005025066792232

16 Spaninq the Ruffian (level 2, 0/29 HPs)
             Began as a Troll Chaos Knight on July 26, 2021.
             Was a Plaything of Xom.
             Slain by a hobgoblin (4 damage)
             ... led by Robin
             ... on level 2 of the Dungeon.
             The game lasted 00:00:56 (374 turns).

Spaninq the Ruffian (Troll Chaos Knight)             Turns: 374, Time: 00:00:56

Health: 0/29       AC:  6    Str: 19    XL:     2   Next: 41%
Magic:  1/1        EV:  9    Int:  8    God:    Xom [..*...]
Gold:   30         SH:  0    Dex:  9    Spells: 1/1 levels left

rFire   . . .      SeeInvis .     - Unarmed
rCold   . . .      Faith    .   (no shield)
rNeg    . . .      Spirit   .   a - +2 robe
rPois   .          Reflect  .   (helmet restricted)
rElec   .          Harm     .   (no cloak)
rCorr   .          Rampage  .   (gloves unavailable)
Will    .....                   (boots unavailable)
Stlth   +.........              (no amulet)
HPRegen 1.09/turn               (no ring)
MPRegen 0.07/turn               (no ring)

@: no status effects
A: large, unfitting armour, claws 3, regeneration 1, shaggy fur 1, tough skin 1
a: Renounce Religion


You were on level 2 of the Dungeon.
You worshipped Xom.
You were a toy of Xom.
You visited 1 branch of the dungeon, and saw 2 of its levels.

You collected 30 gold pieces.

Inventory:

Armour
 a - a +2 robe (worn)
Scrolls
 b - a scroll of identify {unknown}


   Skills:
 + Level 2.6 Fighting
 - Level 1.9 Dodging
 * Level 3.6 Unarmed Combat


You had one spell level left.
You didn't know any spells.
Your spell library was empty.

Dungeon Overview and Level Annotations

Branches:
Dungeon (1/15)

Altars:

Annotations:
D:2 Robin


Innate Abilities, Weirdness & Mutations

You are too large for most types of armour.
You have claws for hands.
Your natural rate of healing is unusually fast.
You are covered in fur. (AC +1)
You have tough skin. (AC +1)


Message History

The hobgoblin hits you. Robin throws the goblin at you!
The goblin hits you with a +0 dagger.
Things that are here:
a +0 dagger; a +0 club Robin roars a battlecry!
The hobgoblin goes into a battle-frenzy!
The goblin closely misses you.
You scratch the hobgoblin.
The hobgoblin is almost dead.
The hobgoblin closely misses you. Robin throws the goblin at you!
You barely miss the goblin. The goblin closely misses you.
The hobgoblin hits you.
You closely miss the goblin. The goblin hits you with a +0 club.
The hobgoblin hits you.
You claw the goblin!
You kill the goblin!
The hobgoblin closely misses you.
The hobgoblin no longer looks unusually strong.
Things that are here:
a +0 club; a goblin corpse The goblin no longer looks unusually strong.
Robin roars a battlecry!
The goblins go into a battle-frenzy!
You hear a shout!
Robin throws the goblin at you!
You barely miss the hobgoblin.
The hobgoblin is almost dead.
The goblin hits you but does no damage.
The hobgoblin hits you but does no damage.
You barely miss the hobgoblin.
The hobgoblin is almost dead.
The goblin hits you with a +0 dagger. The hobgoblin hits you.
* * * LOW HITPOINT WARNING * * *
You emit a cloud of colourful smoke!
You barely miss the goblin.
The hobgoblin no longer looks unusually strong.
The goblin hits you with a +0 dagger.
* * * LOW HITPOINT WARNING * * *
The hobgoblin hits you.
You die...

...####.#.....#
#....#.##
..............#
#.####.#
...####.#.....#
#......#
..............#
#.######
#........###### #.#
...#####.### #.#
......g))).# #.#
...#..##.#.#######§#
##.#..#......ggg@g§#
##.......#.#########
####..#.##.# .
#.......# .
######### .# .# ..
#.


You could see Robin, 2 hobgoblins and a goblin (strong).

Vanquished Creatures
  7 goblins
  A quokka (D:1)
  4 ball pythons
  A bat (D:2)
  3 kobolds
16 creatures vanquished.

Notes
Turn   | Place    | Note
-------+----------+-------------------------------------------
     0 | D:1      | Spaninq the Troll Chaos Knight began the quest for the Orb.
     0 | D:1      | Reached XP level 1. HP: 22/22 MP: 0/0
   137 | D:1      | XOM: potion effect (curing)
   176 | D:1      | XOM: divination: detect creatures
   216 | D:1      | You fall into a shaft and drop 1 floor!
   269 | D:2      | Reached XP level 2. HP: 29/29 MP: 1/1
   334 | D:2      | Noticed Robin
   373 | D:2      | XOM: smoke on damage
   374 | D:2      | Slain by a hobgoblin

Illustrated notes

Levels and vault maps discovered:
D:1:      dpeg_arrival_tiny_a, layout_basic, ebering_ecumenical_altar_rust,
          minivault_26
D:2:      layout_loops_cross, guppyfry_early_orc_mine, uniq_sigmund, uniq_robin

Action                   || total
-------------------------++-------
Melee: Unarmed           ||    37
Armor: Robe              ||    23
Dodge: Dodged            ||    18

Table legend: (Time is in decaauts)
 A = Elapsed time spent in this place.
 B = Non-inter-level travel time spent in this place.
 C = Inter-level travel time spent in this place.
 D = Time resting spent in this place.
 E = Time spent auto-exploring this place.
 F = Levels seen in this place.
 G = Mean time per level.
                   A        B        C        D        E       F      G
               +--------+--------+--------+--------+--------+-----+--------+
         Total |    372 |    372 |      0 |      0 |    275 |   2 |  186.0 |
       Dungeon |    372 |    372 |      0 |      0 |    275 |   2 |  186.0 |
               +--------+--------+--------+--------+--------+-----+--------+

Top non-repeatable levels by time:
     D:1: 215 daAuts
     D:2: 156 daAuts
